Map: [ESL] Moondance

Players

Gerald

  • Race: Protoss Protoss
  • Spawn Location: 12:00

Botvinnik - Winner!

  • Race: Terran Terran
  • Spawn Location: 6:00

Event: DreamHack SC2 Masters 2022 Valencia

VOD

Have the link to the VOD?

Description

Time

  • Played on: July 1, 2022, 11:04 a.m.
  • Length: 6:21

All games in this series

Show
View Real Time Build Order
Export as new Build Order

Gerald Protoss 

Build Orders: 1 Gate Expand, Phoenix Opening 

Get SALT Encoding   

  12  0:01  Probe  
  13  0:13  Probe  
  14  0:18  Pylon  
  14  0:25  Probe (Chrono Boost)  
  15  0:37  Gateway  
  15  0:38  Probe (Chrono Boost)  
  16  0:43  Probe (Chrono Boost)  
  16  0:46  Assimilator  
  17  0:52  Probe  
  18  1:04  Probe  
  19  1:16  Probe  
  20  1:24  Nexus  
  20  1:28  Probe  
  21  1:39  Cybernetics Core  
  21  1:40  Probe  
  22  1:48  Pylon  
  22  1:52  Probe  
  23  1:54  Assimilator  
  23  2:07  Probe  
  24  2:13  Stalker (Chrono Boost)  
  24  2:17  Warp Gate  
  24  2:19  Probe  
  27  2:34  Adept (Chrono Boost)  
  30  2:37  Probe x2, Shield Battery  
  31  2:49  Probe  
  31  2:50  Stargate  
  33  2:51  Probe  
  33  3:01  Probe  
  33  3:03  Probe  
  35  3:13  Probe  
  35  3:15  Probe  
  37  3:24  Gateway  
  37  3:25  Probe  
  38  3:27  Probe  
  38  3:33  Phoenix (Chrono Boost), Forge  
  39  3:37  Probe  
  39  3:39  Probe  
  43  3:41  Pylon  
  43  3:49  Probe, Phoenix (Chrono Boost)  
  43  3:55  Probe  
  45  4:01  Probe  
  42  4:07  Probe  
  42  4:10  Photon Cannon  
  42  4:11  Photon Cannon  
  42  4:12  Phoenix (Chrono Boost)  
  42  4:16  Probe  
  45  4:19  Probe  
  46  4:28  Probe  
  46  4:31  Probe  
  45  4:39  Phoenix  
  45  4:40  Probe  
  49  4:47  Stalker  
  49  4:48  Stalker  
  42  5:01  Photon Cannon, Shield Battery  
  42  5:05  Pylon  
  37  5:18  Zealot x2  
  27  5:40  Stalker, Zealot  
  31  5:48  Shield Battery  
  31  5:49  Shield Battery  
  32  5:56  Gateway  
  31  6:03  Stalker  
  33  6:09  Shield Battery  
Show
View Real Time Build Order
Export as new Build Order

Botvinnik Terran - Winner!

Build Orders: 1/1/1, Widow Mine Drop 

Get SALT Encoding   

  12  0:00  SCV  
  13  0:12  SCV  
  14  0:16  Supply Depot  
  14  0:24  SCV  
  15  0:38  SCV  
  15  0:39  Barracks  
  15  0:42  Refinery  
  16  0:50  SCV  
  16  0:52  Refinery  
  17  1:02  SCV  
  18  1:14  SCV  
  19  1:27  Orbital Command, Marine  
  19  1:31  Factory  
  20  1:45  Supply Depot  
  20  1:51  Barracks Reactor  
  20  1:53  SCV  
  21  2:06  SCV  
  22  2:16  Starport, Widow Mine  
  22  2:20  SCV  
  25  2:27  Marine x2  
  27  2:31  Supply Depot  
  27  2:33  SCV  
  28  2:37  Widow Mine  
  30  2:45  Marine  
  31  2:53  Medivac, Marine  
  31  2:54  Supply Depot  
  35  2:59  Widow Mine  
  35  3:05  Armory  
  36  3:11  Marine x2  
  38  3:21  Factory Tech Lab, Supply Depot  
  38  3:29  Marine x2  
  40  3:55  Thor  
  46  3:56  Medivac  
  46  4:01  Marine x2  
  50  4:19  Marine x2  
  50  4:22  Supply Depot  
  52  4:37  Marine x2  
  55  4:38  Siege Tank  
  55  4:44  Liberator  
  56  4:49  SCV  
  55  4:55  Marine  
  51  5:00  Marine  
  52  5:12  Marine  
  52  5:14  Siege Tank  
  56  5:18  Marine  
  54  5:30  Marine  
  50  5:35  Marine  
  47  5:48  Marine  
  48  5:53  Marine  

Tags
 
Add a new tag
Caveats
  • Supply blocks, unpowered buildings, or Contaminate may cause inaccurate times.
  • Supply counts are checked every 10 seconds.